 Dungeon Crawl Stone Soup version 0.25.1-11-g244df3a29b (webtiles) character file.

Game seed: 11548629688302566376

80772 DeepDeath the Unseen (level 15, -11/72 HPs)
             Began as a Spriggan Hunter on Feb 7, 2024.
             Was the Champion of Okawaru.
             Killed from afar by a fire dragon (33 damage)
             ... with a blast of flame
             ... on level 15 of the Dungeon on Feb 8, 2024.
             The game lasted 02:13:18 (32145 turns).

DeepDeath the Unseen (Spriggan Hunter)             Turns: 32145, Time: 02:13:19

Health: -11/72     AC: 11    Str:  9    XL:     15   Next: 24%
Magic:  19/22      EV: 32    Int: 15    God:    Okawaru [******]
Gold:   4654       SH: 15    Dex: 17    Spells: 15/23 levels left

rFire    x . .     SeeInvis +   s - +3 scimitar (flame)
rCold    + . .     Gourm    .   z - +0 buckler
rNeg     . . .     Faith    .   P - +3 steam dragon scales
rPois    +         Spirit   .   I - +0 hat
rElec    .         Reflect  +   L - +0 cloak
rCorr    .         Harm     .   (gloves unavailable)
MR       +++..                  (boots unavailable)
Stlth    ++++++++..             u - amulet of reflection
HPRegen  0.22/turn              C - ring of protection from magic
MPRegen  0.18/turn              S - ring "Jausmiaxt" {Ice +Blink rPois Str-3}

@: about to teleport, heroism, shrouded, very slightly contaminated, very quick
A: very small, unfitting armour, see invisible, herbivore, speed 3, slow
metabolism 2
a: Heroism, Finesse, Renounce Religion, Evoke Blink


You were on level 15 of the Dungeon.
You worshipped Okawaru.
Okawaru was exalted by your worship.
You were not hungry.

You visited 4 branches of the dungeon, and saw 24 of its levels.

You collected 6434 gold pieces.
You spent 1780 gold pieces at shops.

Inventory:

Hand Weapons
 e - a +2 long sword of freezing
 q - the +6 hunting sling of the Swamp {flame, +Inv rC+ Str+2 Int+3 Dex-4}
   (You found it on level 1 of the Lair of Beasts)

   It causes projectiles fired from it to burn those they strike, causing extra
   injury to most foes and up to half again as much damage against particularly
   susceptible opponents.
   It affects your strength (+2).
   It affects your intelligence (+3).
   It affects your dexterity (-4).
   It protects you from cold.
   It lets you turn invisible.
 s - a +3 scimitar of flaming (weapon)
 w - a +3 vorpal quick blade
Missiles
 x - 90 sling bullets
 B - 22 boomerangs (quivered)
 D - 105 poisoned darts
 H - 6 atropa-tipped darts
 N - 4 throwing nets
Armour
 o - a +2 robe of resistance
 z - a +0 buckler (worn)
 I - a +0 hat (worn)
 J - the +1 robe "Medid" {rF- rN+ rCorr}
   (You found it on level 7 of the Dungeon)

   It makes you vulnerable to fire.
   It protects you from negative energy.
   It provides partial protection from all sources of acid and corrosion.
 L - a +0 cloak (worn)
 P - +3 steam dragon scales (worn)
 X - the +1 robe of Uppiam {rC+ Regen+ SInv}
   (Okawaru gifted it to you on level 14 of the Dungeon)

   It protects you from cold.
   It lets you see invisible.
   It increases your rate of regeneration.
Jewellery
 g - an uncursed ring of resist corrosion
 l - the ring "Ofus" {*Drain rElec rN+ Str+2 Dex+3}
   (You acquired it on level 15 of the Dungeon)

   [ring of positive energy]

   It affects your strength (+2).
   It affects your dexterity (+3).
   It insulates you from electricity.
   It protects you from negative energy.
   It causes draining when unequipped.
 p - an uncursed ring of poison resistance
 u - an amulet of reflection (around neck)
 C - a ring of protection from magic (left hand)
 F - an uncursed ring of protection from fire
 S - the ring "Jausmiaxt" (right hand) {Ice +Blink rPois Str-3}
   (You found it on level 9 of the Dungeon)

   [ring of ice]

   It enhances your ice magic.
   It affects your strength (-3).
   It makes you vulnerable to fire.
   It protects you from cold.
   It protects you from poison.
   It lets you blink.
 Y - an uncursed ring of fire
Wands
 h - a wand of iceblast (31)
 A - a wand of acid (9)
 M - a wand of paralysis (48)
 O - a wand of clouds (4)
 R - a wand of digging (3)
 U - a wand of flame (45)
Scrolls
 k - 2 scrolls of magic mapping
 m - 3 scrolls of fog
 r - 4 scrolls of teleportation
 v - 2 scrolls of identify
 y - 3 scrolls of enchant armour
 G - 10 scrolls of remove curse
 T - 2 scrolls of fear
 Z - a scroll of blinking
Potions
 a - 6 potions of flight
 b - 3 potions of heal wounds
 c - 5 potions of curing
 d - 3 potions of haste
 i - 2 potions of resistance
 j - 7 potions of stabbing
 n - 4 potions of magic
 t - 6 potions of lignification
 E - 2 potions of berserk rage
 K - 7 potions of might
 V - 2 potions of cancellation
Miscellaneous
 W - a phantom mirror
Comestibles
 f - 31 rations


   Skills:
 + Level 5.5(10.5) Fighting
 - Level 10.0(16.5) Short Blades
 - Level 7.4(14.0) Long Blades
 - Level 14.0(19.0) Slings
 * Level 3.6(8.6) Armour
 - Level 12.0(17.0) Dodging
 - Level 16.0(21.0) Stealth
 - Level 8.0(13.0) Shields
 + Level 4.5 Spellcasting
 + Level 6.4 Charms
 + Level 6.5 Translocations
 + Level 1.3 Ice Magic
 + Level 8.5 Invocations
 - Level 5.0 Evocations


You had 15 spell levels left.
You knew the following spells:

 Your Spells              Type           Power        Failure   Level  Hunger
a - Ozocubu's Armour      Chrm/Ice       ###.....     11%         3    ###....
g - Shroud of Golubria    Chrm/Tloc      ###...       1%          2    ##.....
v - Gell's Gravitas       Tloc           ###.......   3%          3    ###....

Your spell library contained the following spells:

 Spells                   Type           Power        Failure   Level  Hunger
 Freeze                   Ice            ##..         10%         1    None
 Magic Dart               Conj           #...         17%         1    None
 Corpse Rot               Necr/Air       N/A          26%         2    ##.....
 Searing Ray              Conj           #.....       26%         2    ##.....
 Frozen Ramparts          Ice            ##....       28%         3    ###....
 Iskenderun's Mystic Bla  Conj/Tloc      ##......     41%         4    ####...
 Dazzling Flash           Conj/Hex       #.....       45%         3    ###....
 Mephitic Cloud           Conj/Pois/Air  #.......     45%         3    ###....
 Stone Arrow              Conj/Erth      #.....       45%         3    ###....
 Summon Forest            Summ/Tloc      ##........   77%         5    ######.
 Hailstorm                Conj/Ice       #.......     78%         4    ####...
 Summon Ice Beast         Ice/Summ       #.......     78%         4    ####...
 Fulminant Prism          Conj/Hex       #.........   86%         4    ####...
 Eringya's Noxious Bog    Tmut/Pois      #.........   100%        6    #######
 Hydra Form               Tmut           #.........   100%        6    #######
 Summon Hydra             Summ           #.........   100%        7    #######


Dungeon Overview and Level Annotations

Branches:
Dungeon (15/15)            Temple (1/1) D:4            Lair (6/6) D:9
 Shoals (0/4) Lair:4       Spider (0/4) Lair:3        Slime (0/5) Lair:6
    Orc (2/2) D:11            Elf (0/3) Orc:2        Vaults (0/5) D:13
 Depths: D:15

Altars:
Ashenzari
Cheibriados
Dithmenos
Elyvilon
Fedhas
Gozag
Hepliaklqana
Kikubaaqudgha
Makhleb
Nemelex Xobeh
Okawaru
Qazlal
Ru
Sif Muna
Trog
Uskayaw
Vehumet
Wu Jian
Xom
Yredelemnul
Zin
The Shining One
Beogh

Shops:
D:11 ([   D:14 *   Orc:2 :[}}

Portals:
Abyss: D:9

Annotations:
D:7 3 runed translucent doors, ubername's ghost, novice BaIE
D:9 2 transporters, fitz's ghost, journeyman HuGl
D:15 exclusion: fire dragon
Lair:6 exclusion: 3 doors


Innate Abilities, Weirdness & Mutations

You are very small and have problems with some larger weapons.
You are too small for most types of armour.
You have supernaturally acute eyesight. (SInv)
You are a herbivore.
You cover ground extremely quickly.
You need to consume almost no food.


Message History

The ice dragon is moderately wounded.
The ice dragon breathes frost at you. The blast of cold hits you! You resist.
You slash the ice dragon! You burn the ice dragon.
The ice dragon is moderately wounded.
The ice dragon breathes frost at you. The blast of cold hits you! You resist.
* * * LOW HITPOINT WARNING * * *
You are too injured to fight recklessly!
You are too injured to fight recklessly!
Blink to where?
Press: ? - help, Dir - move target cursor, p - ice dragon You are very lightly contaminated with residual magic.
As you read the scroll of blinking, it crumbles to dust.
Your icy armour cracks and falls away as you move.
As you read the scroll of teleportation, it crumbles to dust.
You feel strangely unstable. The fire dragon breathes flames at you.
The blast of flame hits you!! The fire burns you terribly!
You die...

##[## ##D## ###
##(## ##.## ##.##
##.... ##.##
###.....
##.########.......
#.#.D..†[...###..#
###.##########
#..# #.@...# #..#
#.###(# ##... #.#
.(( ##...# #.#
.#.# ##..... #..
...# ##...).. ###
.. # #....... ...
+....... ...
#....(.. ##......


You could see a fire dragon (catching breath).

Vanquished Creatures
  Jorgrun (D:14)
  Rupert (Lair:4)
  Kirke (D:13)
  Snorg (D:10)
  The ghost of Luam the Spear-Bearer, a journeyman OpFi of Cheibriados (Lair:5)
  2 ettins
  Josephine (D:14)
  Harold (D:10)
  2 hydras
  Erica (D:10)
  A centaur warrior (D:15)
  4 two-headed ogres
  6 death yaks
  5 orc high priests
  10 skeletal warriors
  2 wizards
  6 unseen horrors
  2 deep elf magi (D:13)
  2 ugly things
  An orb spider (Lair:3)
  4 orc sorcerers
  5 orc knights
  2 manticores
  A cyclops (D:13)
  6 elephants
  3 black mambas
  Psyche (D:8)
  6 spiny frogs
  Maggie (D:8)
  5 komodo dragons
  5 rime drakes (Lair:5)
  A tengu conjurer (D:14)
  11 trolls
  3 meliai (D:13)
  A queen bee (shapeshifter) (D:15)
  2 polar bears
  A meliai (shapeshifter) (D:13)
  8 blink frogs
  A hornet (D:10)
  Grinder (D:5)
  9 slime creatures
  10 hippogriffs
  Sigmund (D:6)
  5 wraiths
  A shadow (D:15)
  45 yaks
  5 basilisks
  3 wyverns
  A hog (D:13)
  4 vampire mosquitoes (D:15)
  2 steam dragons
  A catoblepas simulacrum (Lair:5)
  A hungry ghost (D:15)
  Menkaure (D:5)
  Edmund (D:3)
  A hydra simulacrum (Lair:5)
  3 acid dragons
  17 water moccasins
  5 porcupines
  5 ice beasts
  23 orc warriors
  A black bear (D:8)
  5 sky beasts
  A hornet zombie (D:11)
  2 necrophages
  A phantom (D:9)
  10 ogres
  6 wolves (Lair:4)
  5 centaurs
  11 crocodiles
  A big kobold (D:9)
  18 bullfrogs
  A wyvern zombie (D:13)
  A gnoll sergeant (D:5)
  2 scorpions
  15 killer bees
  22 wights
  7 howler monkeys
  An electric eel (Lair:4)
  A rime drake simulacrum (Lair:5)
  6 crimson imps
  A fire crab simulacrum (Lair:5)
  A quasit (D:13)
  A centaur zombie (D:10)
  3 bullfrog skeletons
  3 bullfrog zombies
  6 hounds
  20 jellies
  17 orc priests
  7 iguanas
  4 centaur skeletons
  12 worker ants
  21 orc wizards
  2 hound skeletons (D:9)
  A howler monkey zombie (D:7)
  9 gnolls
  18 adders
  4 shadow imps
  An ooze (D:1)
  4 adder zombies
  2 worms
  A dart slug (D:2)
  9 leopard geckos
  86 orcs
  2 giant cockroaches
  9 goblins
  9 hobgoblins
  5 jackals
  9 quokkas
  A ball python (D:5)
  5 bats
  4 frilled lizards
  19 kobolds
  A leopard gecko skeleton (D:6)
  2 quokka skeletons
  9 rats
  2 bushes (Lair:6)
  A butterfly (D:4)
  6 plants
697 creatures vanquished.

Vanquished Creatures (others)
  5 dream sheep (D:6)
  An orc wizard (Orc:2)
  A leopard gecko (D:8)
  An orc (D:8)
  2 bushes (Lair:6)
  6 fungi
  18 plants
34 creatures vanquished.

Grand Total: 731 creatures vanquished

Notes
Turn   | Place    | Note
-------+----------+-------------------------------------------
     0 | D:1      | DeepDeath the Spriggan Hunter began the quest for the Orb.
     0 | D:1      | Reached XP level 1. HP: 10/10 MP: 2/2
    95 | D:1      | Reached skill level 5 in Slings
    95 | D:1      | Reached skill level 2 in Stealth
   154 | D:1      | Reached XP level 2. HP: 15/15 MP: 3/3
   539 | D:1      | Reached XP level 3. HP: 18/18 MP: 4/4
   975 | D:2      | Found a faded altar of an unknown god.
  1708 | D:3      | Reached XP level 4. HP: 23/23 MP: 5/5
  1717 | D:3      | Reached skill level 3 in Stealth
  2293 | D:3      | Noticed an ogre
  2324 | D:3      | Killed an ogre
  2324 | D:3      | Reached skill level 1 in Short Blades
  2324 | D:3      | Reached XP level 5. HP: 26/26 MP: 6/6
  2594 | D:3      | Found a glowing golden altar of the Shining One.
  2994 | D:4      | Reached skill level 4 in Stealth
  3156 | D:4      | Reached XP level 6. HP: 30/30 MP: 7/7
  3200 | D:4      | Found a white marble altar of Elyvilon.
  3263 | D:4      | Noticed Edmund
  3339 | D:3      | Killed Edmund
  3339 | D:3      | Reached skill level 5 in Dodging
  3984 | D:4      | Found a staircase to the Ecumenical Temple.
  4010 | Temple   | Entered the Ecumenical Temple
  4061 | Temple   | Became a worshipper of Warmaster Okawaru
  4111 | D:5      | Entered Level 5 of the Dungeon
  4654 | D:5      | Reached XP level 7. HP: 35/35 MP: 8/8
  4706 | D:5      | Reached skill level 5 in Stealth
  4861 | D:5      | Noticed Menkaure
  5566 | D:5      | Noticed Grinder
  5860 | D:5      | Reached * piety under Okawaru
  5883 | D:5      | Reached skill level 6 in Stealth
  6495 | D:6      | Reached XP level 8. HP: 39/39 MP: 9/9
  6517 | D:6      | Reached skill level 5 in Short Blades
  6557 | D:6      | Noticed Sigmund
  6564 | D:6      | Killed Sigmund
  6564 | D:6      | Reached skill level 7 in Stealth
  6708 | D:6      | Reached skill level 1 in Invocations
  6804 | D:6      | Reached ** piety under Okawaru
  6915 | D:6      | Reached skill level 8 in Stealth
  7013 | D:6      | Noticed a dream sheep
  7013 | D:6      | Noticed a dream sheep
  7013 | D:6      | Noticed a dream sheep
  7013 | D:6      | Noticed a dream sheep
  7013 | D:6      | Noticed a dream sheep
  7013 | D:6      | Found a shimmering altar of Xom.
  7020 | D:6      | Killed a dream sheep
  7020 | D:6      | Killed a dream sheep
  7020 | D:6      | Killed a dream sheep
  7024 | D:6      | Killed a dream sheep
  7025 | D:6      | Killed a dream sheep
  8144 | D:6      | Reached XP level 9. HP: 41/42 MP: 11/11
  8386 | D:7      | Got a slimy robe
  8400 | D:7      | Identified the +1 robe "Medid" {rF- rN+ rCorr} (You found
                  | it on level 7 of the Dungeon)
  8470 | D:7      | Noticed a troll
  8499 | D:7      | Killed a troll
  8499 | D:7      | Reached skill level 9 in Stealth
  8597 | D:7      | Found a blossoming altar of Fedhas.
  8612 | D:7      | Found a runed translucent gate.
  8612 | D:7      | Noticed ubername's ghost (novice BaIE)
  8614 | D:7      | Found a runed translucent gate.
  8615 | D:7      | Found a runed translucent gate.
  8616 | D:7      | Found a roughly hewn altar of Beogh.
  8823 | D:7      | Found a radiant altar of Vehumet.
  8930 | D:7      | Identified a scroll of acquirement
  8930 | D:7      | Acquired 2780 gold pieces
  8939 | D:8      | Found a sparkling altar of Nemelex Xobeh.
  8939 | D:8      | Noticed Psyche
  8963 | D:8      | Killed Psyche
  8963 | D:8      | Reached skill level 1 in Evocations
  9114 | D:8      | Found a glowing golden altar of the Shining One.
  9138 | D:8      | Noticed Maggie
  9156 | D:8      | Killed Maggie
  9156 | D:8      | Reached *** piety under Okawaru
  9156 | D:8      | Reached skill level 10 in Stealth
  9483 | D:8      | Received a gift from Okawaru
  9981 | D:8      | Reached skill level 11 in Stealth
 10029 | D:8      | Reached XP level 10. HP: 37/46 MP: 9/12
 10206 | D:8      | Got a bloodstained robe
 10218 | D:8      | Identified the cursed +1 robe "Dicul" {rC+ Dex+5} (You
                  | found it on level 8 of the Dungeon)
 10963 | D:9      | Reached skill level 10 in Slings
 10979 | D:9      | Got a glittering jade ring
 10983 | D:9      | Identified the ring "Jausmiaxt" {Ice +Blink rPois Str-3}
                  | (You found it on level 9 of the Dungeon)
 11069 | D:9      | Found a transporter.
 11158 | D:9      | Found a transporter.
 11167 | D:9      | Found a one-way gate to the infinite horrors of the Abyss.
 11167 | D:9      | Noticed a rakshasa
 11167 | D:9      | Noticed fitz's ghost (journeyman HuGl)
 11362 | D:9      | Reached skill level 12 in Stealth
 11401 | D:9      | Received a gift from Okawaru
 11424 | D:9      | Found a staircase to the Lair.
 11480 | D:9      | Found a hazy altar of Hepliaklqana.
 11483 | D:9      | Found an opulent altar of Gozag.
 11486 | D:9      | Found a stormy altar of Qazlal.
 11489 | D:9      | Found a snail-covered altar of Cheibriados.
 11585 | D:9      | Found a bloodstained altar of Trog.
 11619 | D:9      | Reached **** piety under Okawaru
 11990 | D:5      | Killed Grinder
 12052 | D:5      | Killed Menkaure
 12129 | D:10     | Entered Level 10 of the Dungeon
 12129 | D:10     | Noticed Harold
 12167 | D:10     | Killed Harold
 12167 | D:10     | Reached skill level 10 in Dodging
 12167 | D:10     | Reached skill level 13 in Stealth
 12383 | D:10     | Noticed an unseen horror
 12390 | D:10     | Noticed an unseen horror
 12405 | D:10     | Killed an unseen horror
 12405 | D:10     | Received a gift from Okawaru
 12411 | D:10     | Killed an unseen horror
 12411 | D:10     | Reached XP level 11. HP: 42/50 MP: 11/13
 12589 | D:10     | Noticed a two-headed ogre
 12594 | D:10     | Killed a two-headed ogre
 12594 | D:10     | Reached skill level 10 in Short Blades
 12594 | D:10     | Reached skill level 14 in Stealth
 12677 | D:10     | Noticed Erica
 12739 | D:10     | Killed Erica
 12819 | D:10     | Received a gift from Okawaru
 12926 | D:10     | Reached ***** piety under Okawaru
 12926 | D:10     | Reached skill level 15 in Stealth
 13120 | D:10     | Noticed Snorg
 13324 | D:10     | Killed Snorg
 13475 | Lair:1   | Entered Level 1 of the Lair of Beasts
 13718 | Lair:1   | Received a gift from Okawaru
 13797 | Lair:1   | Reached skill level 16 in Stealth
 13941 | Lair:1   | Got a brightly glowing hunting sling
 13942 | Lair:1   | Identified the +6 hunting sling of the Swamp {flame, +Inv
                  | rC+ Str+2 Int+3 Dex-4} (You found it on level 1 of the Lair
                  | of Beasts)
 13962 | Lair:1   | Reached skill level 1 in Shields
 14135 | Lair:1   | Reached XP level 12. HP: 56/56 MP: 15/15
 14568 | Lair:2   | You fall into a shaft and drop 1 floor!
 15941 | Lair:3   | Found a hole to the Spider Nest.
 16364 | Lair:4   | Noticed Rupert
 16424 | Lair:4   | Killed Rupert
 16424 | Lair:4   | Reached skill level 5 in Fighting
 16424 | Lair:4   | Reached skill level 5 in Invocations
 16672 | Lair:4   | Reached skill level 1 in Long Blades
 16772 | Lair:4   | Found a staircase to the Shoals.
 16906 | Lair:4   | Received a gift from Okawaru
 16906 | Lair:4   | Reached skill level 5 in Shields
 16947 | Lair:4   | Got a bloodstained hat {god gift}
 16964 | Lair:4   | Identified the +0 hat of the Secret Places {rC- MP+9 Str+5}
                  | (Okawaru gifted it to you on level 4 of the Lair of Beasts)
 17909 | Lair:5   | Found a runed translucent gate.
 17935 | Lair:5   | Noticed Luam's ghost (journeyman OpFi)
 17983 | Lair:5   | Acquired a manual of Slings
 18108 | Lair:5   | Reached XP level 13. HP: 62/63 MP: 17/17
 18417 | Lair:5   | Identified the Guide on Spatial Lightness
 18605 | Lair:5   | Found a runed translucent gate.
 18605 | Lair:5   | Found a runed translucent gate.
 18703 | Lair:5   | Learned a level 2 spell: Shroud of Golubria
 18817 | Lair:5   | Reached skill level 1 in Charms
 18817 | Lair:5   | Reached skill level 1 in Translocations
 18960 | Lair:5   | Killed Luam's ghost
 18960 | Lair:5   | Reached skill level 1 in Spellcasting
 19077 | Lair:5   | Acquired 1520 gold pieces
 19905 | D:11     | Found Gugi Ibo's Weapon Emporium.
 19909 | D:11     | Found a staircase to the Orcish Mines.
 19913 | D:11     | Found Tinapt's Armour Emporium.
 19941 | D:11     | Bought a +0 hat for 68 gold pieces
 20152 | D:11     | Received a gift from Okawaru
 20860 | Orc:1    | Entered Level 1 of the Orcish Mines
 20944 | Orc:1    | Found a roughly hewn altar of Beogh.
 21012 | Orc:1    | Noticed an ettin
 21021 | Orc:1    | Killed an ettin
 21574 | Orc:2    | Entered Level 2 of the Orcish Mines
 21738 | Orc:2    | Found a staircase to the Elven Halls.
 21981 | Orc:2    | Noticed an ettin
 22004 | Orc:2    | Killed an ettin
 22013 | Orc:2    | Found a roughly hewn altar of Beogh.
 22050 | Orc:1    | Received a gift from Okawaru
 22524 | Orc:2    | Reached skill level 5 in Translocations
 23112 | Orc:2    | Reached skill level 5 in Charms
 23308 | Orc:2    | Reached XP level 14. HP: 46/68 MP: 19/19
 23832 | Orc:2    | Found Suqer's Gadget Shoppe.
 23832 | Orc:2    | Found Cyape's Book Shop.
 23837 | Orc:2    | Found Peofoy Pyco's Antique Armour Shop.
 23837 | Orc:2    | Found Noellam's Gadget Shoppe.
 23853 | Orc:2    | Bought a wand of digging (5) for 270 gold pieces
 23855 | Orc:2    | Bought a wand of clouds (4) for 360 gold pieces
 23881 | Orc:2    | Bought a wand of iceblast (9) for 195 gold pieces
 23881 | Orc:2    | Bought a phantom mirror for 450 gold pieces
 24187 | Lair:6   | Entered Level 6 of the Lair of Beasts
 24398 | Lair:5   | Received a gift from Okawaru
 24775 | Lair:6   | Reached skill level 5 in Long Blades
 25553 | Lair:6   | Found a staircase to the Slime Pits.
 26473 | Lair:6   | Got a jewelled war axe
 27031 | D:12     | Received a gift from Okawaru
 27952 | D:13     | Received a gift from Okawaru
 28190 | D:13     | Reached skill level 1 in Armour
 28846 | D:13     | Noticed Kirke
 28861 | D:13     | Received a gift from Okawaru
 28872 | D:13     | Killed Kirke
 28906 | D:13     | Reached skill level 5 in Evocations
 28996 | D:13     | Found a hazy altar of Hepliaklqana.
 29068 | D:13     | Learned a level 3 spell: Ozocubu's Armour
 29072 | D:13     | Learned a level 3 spell: Gell's Gravitas
 29100 | D:13     | Found a gate to the Vaults.
 29389 | D:13     | Reached ****** piety under Okawaru
 29389 | D:13     | Received a gift from Okawaru
 29757 | D:14     | Noticed Josephine
 29803 | D:14     | Found Nihodu Biji's Assorted Antiques.
 29841 | D:14     | Bought a scroll labeled VOFOWI RASEICS for 23 gold pieces
 29841 | D:14     | Bought an ivory ring for 115 gold pieces
 29841 | D:14     | Bought a scroll labeled GYTAUM OLOK for 23 gold pieces
 29911 | D:14     | Bought a potion of resistance for 230 gold pieces
 29911 | D:14     | Bought a scroll of identify for 46 gold pieces
 30030 | D:14     | Reached skill level 1 in Ice Magic
 30636 | D:14     | Reached XP level 15. HP: 69/72 MP: 20/22
 30733 | D:14     | Found an opulent altar of Gozag.
 30799 | D:14     | Killed Josephine
 30799 | D:14     | Received a gift from Okawaru
 30939 | D:14     | Noticed Jorgrun
 30953 | D:14     | Killed Jorgrun
 31195 | D:14     | Received a gift from Okawaru
 31200 | D:14     | Got an ancient robe {god gift}
 31217 | D:14     | Identified the +1 robe of Uppiam {rC+ Regen+ SInv} (Okawaru
                  | gifted it to you on level 14 of the Dungeon)
 31577 | D:15     | Entered Level 15 of the Dungeon
 31580 | D:15     | Acquired the ring "Ofus" {*Drain rElec rN+ Str+2 Dex+3}
 32145 | D:15     | Killed from afar by a fire dragon

Illustrated notes

Levels and vault maps discovered:
D:1:      evilmike_arrival_hilbert_curve, layout_loops_ring, minmay_tromino_v2
D:2:      layout_loops_cross, chequers_ecumenical_altar_island,
          minmay_crystal_water, nrook_uturn
D:3:      layout_loops_corners, nicolae_overflow_hidden_temple, first_ration,
          chequers_serial_rivers_micro_a
D:4:      layout_basic, minmay_temple_entry_butterflies, grunt_decor_fettered,
          elyvilon_altar_5, uniq_edmund
D:5:      layout_loops_ring, uniq_menkaure, uniq_grinder
D:6:      layout_loops_ring, kb_xom_exploding_sheep, uniq_sigmund
D:7:      layout_cave_pools, nicolae_overflow_crystal_walls,
          fedhas_ov_isle_minmay, biasface_ghost_orc_armoury, grunt_ogre_cave
D:8:      minmay_razor_zed, layout_loops_ring, lemuel_doored_altar, basic_altar,
          chequers_arboretum, uniq_psyche, uniq_maggie
D:9:      layout_loops_ring, grunt_temple_overflow_cloverleaf,
          lightli_temple_of_fire, david_lair_shrubbed,
          gammafunk_ghost_abyssal_escape, minmay_mirror_moons_of_madness
D:10:     layout_rooms, kennysheep_generic_room_2, uniq_harold, uniq_snorg,
          uniq_erica
D:11:     layout_loops_corners, orc_david_3
D:12:     layout_cross
D:13:     layout_irregular_city, david_vaults_1, basic_altar, uniq_kirke
D:14:     layout_rooms, serial_shops, nicolae_shop_stone, skrybe_limestone_x,
          grunt_gozag_statues, uniq_josephine, uniq_jorgrun
D:15:     grunt_enter_depths_hoard, layout_loops_corners, serial_shops, shop
Temple:   cyrus_circular_temple
Lair:1:   layout_long_grid
Lair:2:   layout_roguey, grunt_megastairs_2, lemuel_fruit_fields
Lair:3:   layout_small_grid, nicolae_spider_entry_orb_guardian
Lair:4:   layout_cave_pods, elwin_shoals_entry_rocks,
          chequers_serial_rivers_micro_a, infiniplex_staircase_pool,
          serial_bayou_shore_a, grunt_megastairs_1, uniq_rupert
Lair:5:   layout_gridlike, gammafunk_ghost_icy
Lair:6:   due_jungle_book, layout_gridlike, minmay_slime_entry_jelly_boxes,
          lookout_lair_type, eino_small_chamber_without_monster,
          minmay_hedge_maze, wad_woods_03
Orc:1:    layout_caves, basic_altar, nicolae_orc_stony_grotto
Orc:2:    grunt_orc_tribal_feast, layout_diamond_mine, kennysheep_orc_chapel

Skill      XL: |  1  2  3  4  5  6  7  8  9 10 11 12 13 14 15 |
---------------+----------------------------------------------+-----
Slings         | 5 6 7 8 9 10 11 12 13 14 | 14.0
Stealth        | 2 3 4 6 8 11 13 16 | 16.0
Fighting       | 2 5 |  5.5
Dodging        | 4 5 6 7 8 10 12 | 12.0
Short Blades   | 1 2 3 4 6 8 9 10 | 10.0
Invocations    | 2 3 5 6 8 |  8.5
Evocations     | 2 5 |  5.0
Shields        | 1 5 7 8 |  8.0
Long Blades    | 3 4 7 |  7.4
Charms         | 5 6 |  6.4
Translocations | 5 6 |  6.5
Spellcasting   | 3 4 |  4.5
Armour         | 2 3 |  3.6
Ice Magic      | 1 |  1.3

Action                   |  1- 3 |  4- 6 |  7- 9 | 10-12 | 13-15 || total
-------------------------+-------+-------+-------+-------+-------++-------
Melee: Dagger            |       |    87 |   145 |   226 |     3 ||   461
       Punch             |       |       |     2 |     8 |       ||    10
       Scimitar          |       |       |       |    19 |   673 ||   692
       Quick blade       |       |       |       |       |   105 ||   105
       Long sword        |       |       |       |       |    34 ||    34
 Fire: Hunting sling     |   126 |   190 |   492 |   927 |  1339 ||  3074
Throw: Dart              |       |    18 |     7 |     5 |       ||    30
       Boomerang         |       |       |       |       |    37 ||    37
       Throwing net      |       |       |       |       |     1 ||     1
 Cast: Shroud of Golubri |       |       |       |       |    23 ||    23
       Ozocubu's Armour  |       |       |       |       |    18 ||    18
       Gell's Gravitas   |       |       |       |       |     1 ||     1
Invok: Heroism           |       |       |    14 |    19 |    33 ||    66
       Finesse           |       |       |       |     1 |     7 ||     8
Evoke: Wand              |       |       |     1 |     8 |    12 ||    21
  Use: Scroll            |     8 |     5 |    10 |    10 |    13 ||    46
       Potion            |       |       |     8 |       |       ||     8
 Stab: Sleeping          |       |       |     2 |     3 |     5 ||    10
       Invisible         |       |       |       |     1 |       ||     1
       Held in net/web   |       |       |       |       |     2 ||     2
       Paralysed         |       |       |       |       |     1 ||     1
  Eat: Ration            |       |     1 |     2 |     3 |     8 ||    14
Armor: Robe              |     1 |     8 |     2 |       |       ||    11
       Steam dragon scal |       |       |     9 |    16 |    38 ||    63
Dodge: Dodged            |    31 |    65 |   240 |   254 |   368 ||   958
Block: Buckler           |       |       |       |    13 |   392 ||   405
       Reflection        |       |       |       |       |    14 ||    14
       Rpst.: Scimitar   |       |       |       |     5 |    67 ||    72
       Long sword        |       |       |       |       |     3 ||     3
